 Dungeon Crawl Stone Soup version 0.30.0-30-g96aa6591b8 (webtiles) character file.

Game seed: 2853811962598747164

19625 javelincjr the Grand Scion (level 12, -12/80 HPs)
             Began as a Demonspawn Hedge Wizard on June 29, 2023.
             Was a High Priest of Hepliaklqana.
             Mangled by a large slime creature (33 damage)
             ... on level 12 of the Dungeon.
             The game lasted 01:06:27 (11052 turns).

javelincjr the Grand Scion (DsHW)                  Turns: 11052, Time: 01:06:28

Health: -12/80     AC: 11    Str: 16    XL:     12   Next: 38%
Magic:  32/32      EV: 13    Int: 28    God:    Hepliaklqana [*****.]
Gold:   754        SH: 16    Dex: 15    Spells: 17/25 levels left

rFire   + + .        V - +4 flail (flame)
rCold   x . .        s - +2 kite shield of Tukh {rC+}
rNeg    . . .        L - +2 robe of the Gloaming {rF+}
rPois   .            T - +3 hat of Pondering {ponderous, Will+ MP+10 Int+5}
rElec   .            (no cloak)
rCorr   .            h - +0 pair of gloves
SInv    .            x - +2 pair of boots
Will    ++++.        S - amulet "Agol" {Reflect rC- Will+++ Dex+2 SH+5}
Stlth   ++++         g - ring of fire
HPRegen 0.33/turn    F - +6 ring of strength
MPRegen 0.23/turn

%: reflection
@: mighty, slow
A: reduced essence, antennae 2, foul stench 2, powered by pain 1, big brain 1
a: Renounce Religion, Recall Ancestor, Ancestor Identity, Transference, Idealise


You were on level 12 of the Dungeon.
You worshipped Hepliaklqana.
Hepliaklqana was extremely pleased with you.
You visited 2 branches of the dungeon, and saw 13 of its levels.

You collected 754 gold pieces.

Inventory:

Hand Weapons
 C - a +1 dagger of venom
 Q - a +0 mace of distortion
 V - a +4 flail of flaming (weapon)
 W - a +3 halberd of protection
 Y - a +2 dagger of draining
Missiles
 b - 2 throwing nets
Armour
 c - a +0 hat
 h - a +0 pair of gloves (worn)
 j - a +0 troll leather armour
 s - the +2 kite shield of Tukh (worn) {rC+}
   (You acquired it on level 6 of the Dungeon)

   rC:        It protects you from cold.
 x - a +2 pair of boots (worn)
 D - a +2 robe of willpower
 K - a +3 chain mail of fire resistance
 L - the +2 robe of the Gloaming (worn) {rF+}
   (You found it on level 7 of the Dungeon)

   rF:        It protects you from fire.
 O - +0 acid dragon scales
 T - the +3 hat of Pondering (worn) {ponderous, Will+ MP+10 Int+5}
   (You took it off Gastronok on level 9 of the Dungeon)

   Int:       It affects your intelligence (+5).
   MP:        It affects your magic capacity (+10).
   Will:      It increases your willpower.
Jewellery
 g - a ring of fire (left hand)
 n - an amulet of regeneration
 r - an amulet of faith
 F - a +6 ring of strength (right hand)
 H - a ring of protection from fire
 S - the amulet "Agol" (around neck) {Reflect rC- Will+++ Dex+2 SH+5}
   (You acquired it on level 9 of the Dungeon)

   [amulet of reflection]

   It reflects blocked missile attacks.
   Dex:       It affects your dexterity (+2).
   rC:        It makes you vulnerable to cold.
   SH:        It affects your SH (+5).
   Will:      It greatly increases your willpower.
Wands
 e - a wand of paralysis (14)
 E - a wand of light (3)
 R - a wand of roots (5)
 U - a wand of flame (12)
 Z - a wand of polymorph (4)
Scrolls
 f - a scroll of blinking
 l - 2 scrolls of poison
 q - a scroll of noise
 t - a scroll of torment {unknown}
 v - 3 scrolls of fog {unknown}
 w - 2 scrolls of teleportation
 y - 3 scrolls of fear
 B - a scroll of magic mapping {unknown}
 J - 2 scrolls of amnesia {unknown}
 N - 2 scrolls of vulnerability {unknown}
 P - a scroll of immolation {unknown}
 X - a scroll of silence
Potions
 a - 2 potions of curing
 d - 2 potions of magic
 i - 3 potions of brilliance
 k - 2 potions of cancellation
 m - a potion of ambrosia {unknown}
 o - 6 potions of haste
 p - 5 potions of heal wounds
 u - 2 potions of invisibility {unknown}
 z - 3 potions of lignification
 A - 3 potions of degeneration {unknown}
 G - a potion of berserk rage {unknown}
 I - a potion of might {unknown}
 M - 2 potions of flight {unknown}


   Skills:
 + Level 6.9 Fighting
 + Level 1.2 Maces & Flails
 + Level 6.4 Dodging
 + Level 7.1 Stealth
 + Level 4.6 Shields
 + Level 7.0 Spellcasting
 + Level 7.0 Conjurations
 + Level 6.9 Summonings
 + Level 6.3 Translocations
 + Level 4.1 Earth Magic
 + Level 8.9 Invocations


You had 17 spell levels left.
You knew the following spells:

 Your Spells              Type           Power      Damage    Failure   Level
a - Magic Dart            Conj           100%       1d8       1%          1
b - Call Imp              Summ           98%        N/A       1%          2
c - Blink                 Tloc           90%        N/A       1%          2
d - Stone Arrow           Conj/Erth      82%        3d12      4%          3

Your spell library contained the following spells:

 Spells                   Type           Power      Damage    Failure   Level
 Shock                    Conj/Air       100%       1d9       3%          1
 Slow                     Hex            36%        N/A       16%         1
 Animate Armour           Summ/Erth      82%        N/A       16%         4
 Mephitic Cloud           Conj/Pois/Air  22%        N/A       17%         3
 Cigotuvi's Dreadful Rot  Necr/Pois/Air  18%        N/A       22%         2
 Swiftness                Air            9%         N/A       41%         3
 Airstrike                Air            4%         2d(1-17)  83%         4
 Dispel Undead            Necr           9%         3d8       83%         4
 Death Channel            Necr           4%         N/A       100%        6
 Lehudib's Crystal Spear  Conj/Erth      20%        10d6      100%        8


Dungeon Overview and Level Annotations

Branches:
Dungeon (12/15)            Temple (1/1) D:6            Lair (0/5) D:10
    Orc (0/2) D:11

Altars:
Ashenzari
Cheibriados
Dithmenos
Fedhas
Gozag
Hepliaklqana
Kikubaaqudgha
Makhleb
Nemelex Xobeh
Okawaru
Qazlal
Ru
Sif Muna
Trog
Uskayaw
Vehumet
Wu Jian
Xom
Yredelemnul

Shops:
D:4 (   D:6 =   D:10 (

Annotations:
D:10 2 transporters, LustLizard's ghost, journeyman OpBe


Innate Abilities, Weirdness & Mutations

Your life essence is reduced to manifest your ancestor. (-10% HP)
You have a pair of antennae on your head.
You sometimes emit foul miasma when damaged in melee.
You sometimes gain a little power by taking damage.
You have an unusually large brain. (Int +2)


Message History

Your Conjurations skill increases to level 7!
Found a glowing falchion.
M - 2 purple potions (gained 1)
You see here a +0 heavy falchion.
Your cerulean imp disappears in a puff of smoke!
Magic restored.
Found a trident.
You now have 754 gold pieces (gained 10).
A slime creature comes into view.
A slime creature comes into view.
Two slime creatures merge to form a large slime creature.
Bozidara points at the large slime creature and mumbles some strange words.
The large slime creature easily resists.
A slime creature comes into view.
Casting: Stone Arrow (dangerous; 4% risk of failure)
Confirm with . or Enter, or press ? or * to list all spells.
A tiny devil pulls itself out of the air.
You swap places.
The large slime creature hits Bozidara!
The slime creature quivers.
Bozidara points at the large slime creature and mumbles some strange words.
The large slime creature easily resists.
The large slime creature closely misses Bozidara.
Your cerulean imp hits the large slime creature from afar with a +0 spear.
The large slime creature hits Bozidara!!
Bozidara barely misses the large slime creature.
Bozidara hits the large slime creature with a +0 dagger of draining!
You swap places.
Your cerulean imp hits the large slime creature from afar with a +0 spear.
The large slime creature hits you!!
You focus on the pain.
You feel very mighty all of a sudden.
You hit the large slime creature. You burn the large slime creature.
The large slime creature is lightly wounded.
Your cerulean imp hits the large slime creature from afar with a +0 spear.
Bozidara casts a spell at the large slime creature.
The large slime creature easily resists.
The large slime creature hits you!!
* * * LOW HITPOINT WARNING * * *
You focus on the pain.
You feel your power returning. The large slime creature hits you!!
You die...

### # #.. .) #..
.. #.# # #.# # #J#
# #J# #
#@################
#R5...............
#.................
#.................
#.##########......
#.# #...... #.#
#......
#.##########......
#.................


You could see the friendly Bozidara the hexer, a large slime creature (ally
target), a slime creature and a friendly cerulean imp (summoned).

Vanquished Creatures
  A hydra (D:11)
  A centaur warrior (D:12)
  A boulder beetle (D:11)
  Urug (D:11)
  The ghost of safid the Frost Mage, a novice MfIE of Vehumet (D:6)
  A manticore (D:9)
  A gargoyle (D:10)
  An unseen horror (D:12)
  A polar bear (D:10)
  5 trolls
  A hornet (D:9)
  A vampire (D:12)
  4 humans (D:11)
  18 yaks
  A hog (D:12)
  A steam dragon (D:9)
  2 acid dragons
  An ice beast (D:10)
  A black bear (D:4)
  A sky beast (D:6)
  An ogre (D:5)
  A wolf (D:10)
  2 centaurs (D:8)
  3 lemures (D:5)
  2 kobold brigands
  A scorpion (D:5)
  3 killer bees (D:9)
  5 howler monkeys
  A crimson imp (D:11)
  4 hounds
  A jelly (D:6)
  An orc priest (D:12)
  Ijyb (D:11)
  3 hexers
  An iguana (D:5)
  5 orc wizards
  3 gnolls (D:6)
  3 adders
  A white imp (D:6)
  3 ufetubi
  A dart slug (D:4)
  10 orcs
  3 ball pythons (D:1)
  6 endoplasms
  2 goblins
  A hobgoblin (D:4)
  3 jackals
  7 kobolds
  3 quokkas
  3 bats
  6 frilled lizards
  3 rats
138 creatures vanquished.

Vanquished Creatures (collateral kills)
  Kirke (D:12)
  Gastronok (D:9)
  Pikel (D:5)
  A cyclops (D:12)
  Joseph (D:9)
  A gargoyle (D:10)
  A rime drake (D:10)
  A tengu conjurer (D:12)
  A kobold demonologist (D:11)
  A troll (D:12)
  Sigmund (D:5)
  A wraith (D:10)
  3 hogs (D:12)
  10 yaks
  An acid dragon (D:8)
  A sky beast (D:6)
  A black bear (D:5)
  5 ice beasts
  An ogre (D:4)
  A lemure (D:5)
  A wolf (D:10)
  2 phantoms (D:5)
  A bullfrog (D:8)
  8 howler monkeys
  3 crimson imps (D:11)
  A gnoll bouda (D:6)
  2 orc priests (D:7)
  Jessica (D:11)
  3 iguanas
  2 orc wizards
  5 gnolls
  4 adders
  A worm (D:2)
  A dart slug (D:1)
  13 orcs
  2 bats
  An endoplasm (D:1)
  A giant cockroach (D:2)
  2 goblins
  A hobgoblin (D:1)
  3 jackals
  2 quokkas
  A ball python (D:2)
  2 frilled lizards
  9 kobolds
107 creatures vanquished.

Vanquished Creatures (others)
  A deep elf pyromancer (D:12)
  7 hexers
  An ancestor (D:2)
9 creatures vanquished.

Grand Total: 254 creatures vanquished

Notes
Turn   | Place    | Note
-------+----------+-------------------------------------------
     0 | D:1      | javelincjr the Demonspawn Hedge Wizard began the quest for
                  | the Orb.
     0 | D:1      | Reached XP level 1. HP: 13/13 MP: 4/4
    97 | D:1      | Found a faded altar of an unknown god.
   110 | D:1      | Prayed at the altar of an unknown god.
   110 | D:1      | Became a worshipper of Hepliaklqana the Forgotten
   110 | D:1      | Reached * piety under Hepliaklqana
   183 | D:1      | Reached skill level 1 in Translocations
   224 | D:1      | You fall into a shaft and drop 1 floor!
   266 | D:2      | Gained mutation: You have an unusually large brain. (Int
                  | +2) [demonic ancestry]
   266 | D:2      | Reached XP level 2. HP: 8/17 MP: 3/6
   389 | D:2      | Learned a level 2 spell: Call Imp
   593 | D:2      | Reached XP level 3. HP: 12/21 MP: 2/7
  1173 | D:2      | Found a snail-covered altar of Cheibriados.
  1308 | D:2      | Reached ** piety under Hepliaklqana
  1309 | D:2      | Remembered your ancestor Bozidara as a hexer
  1490 | D:2      | Reached skill level 1 in Invocations
  1673 | D:3      | Found a shimmering altar of Xom.
  1801 | D:3      | Found a shimmering blue altar of Sif Muna.
  1937 | D:3      | Gained mutation: You may rarely emit foul miasma when
                  | damaged in melee. [demonic ancestry]
  1937 | D:3      | Reached XP level 4. HP: 27/27 MP: 8/8
  2107 | D:4      | Noticed a +0 falchion
  2107 | D:4      | Noticed a +0 short sword
  2107 | D:4      | Noticed a +0 spear
  2108 | D:4      | Noticed a +0 spear
  2108 | D:4      | Noticed a +0 short sword
  2108 | D:4      | Noticed a +0 dagger
  2109 | D:4      | Noticed a +0 dagger
  2109 | D:4      | Noticed a +0 falchion
  2134 | D:4      | Found a hide-covered altar of Uskayaw.
  2187 | D:4      | Reached skill level 1 in Fighting
  2285 | D:4      | Noticed an ogre
  2291 | D:4      | Learned a level 2 spell: Blink
  2300 | D:4      | Killed an ogre
  2301 | D:4      | Reached skill level 2 in Invocations
  2301 | D:4      | Reached XP level 5. HP: 33/33 MP: 3/10
  2408 | D:4      | Gained mutation: You sometimes emit foul miasma when
                  | damaged in melee. [demonic ancestry]
  2408 | D:4      | Reached XP level 6. HP: 25/39 MP: 9/11
  2473 | D:4      | Found a basalt altar of Yredelemnul.
  2598 | D:4      | Found Ruypruoth's Weapon Shop.
  2666 | D:5      | Entered Level 5 of the Dungeon
  2666 | D:5      | Reached *** piety under Hepliaklqana
  2671 | D:5      | Noticed Pikel
  3024 | D:5      | Reached skill level 3 in Invocations
  3024 | D:5      | Reached XP level 7. HP: 32/45 MP: 9/12
  3283 | D:5      | Killed Pikel
  3284 | D:5      | Reached skill level 4 in Invocations
  3284 | D:5      | Gained mutation: You have a pair of small antennae on your
                  | head. [demonic ancestry]
  3284 | D:5      | Reached XP level 8. HP: 39/52 MP: 8/14
  3460 | D:5      | Noticed Sigmund
  3476 | D:5      | Killed Sigmund
  3821 | D:6      | Found a sparkling altar of Nemelex Xobeh.
  4019 | D:6      | Found a runed translucent gate.
  4020 | D:6      | Found a runed translucent gate.
  4020 | D:6      | Found a runed translucent gate.
  4031 | D:6      | Noticed safid's ghost (novice MfIE)
  4043 | D:6      | Found Voojaz's Jewellery Boutique.
  4149 | D:6      | Reached skill level 5 in Invocations
  4712 | D:6      | Found a staircase to the Ecumenical Temple.
  4753 | Temple   | Entered the Ecumenical Temple
  4995 | D:6      | Killed safid's ghost
  4996 | D:6      | Reached skill level 5 in Spellcasting
  4996 | D:6      | Reached XP level 9. HP: 19/58 MP: 3/16
  5138 | D:6      | Identified 2 scrolls of acquirement
  5142 | D:6      | Acquired the +2 kite shield of Tukh {rC+}
  5149 | D:6      | Acquired an amulet of regeneration
  5330 | D:7      | Identified the +2 robe of the Gloaming {rF+}
  5601 | D:8      | Reached **** piety under Hepliaklqana
  5880 | D:8      | Reached skill level 1 in Shields
  5927 | D:8      | Found a radiant altar of Vehumet.
  6115 | D:8      | Reached skill level 5 in Stealth
  6118 | D:8      | Reached skill level 6 in Invocations
  6126 | D:8      | Reached skill level 5 in Conjurations
  6216 | D:8      | Reached skill level 5 in Summonings
  6216 | D:8      | Reached XP level 10. HP: 56/65 MP: 18/18
  6308 | D:8      | Learned a level 3 spell: Stone Arrow
  6833 | D:9      | Reached skill level 5 in Fighting
  6878 | D:9      | Reached skill level 1 in Earth Magic
  6950 | D:9      | Noticed Gastronok
  6996 | D:9      | Reached skill level 5 in Dodging
  7075 | D:9      | Noticed a manticore
  7093 | D:9      | Killed a manticore
  7173 | D:9      | Acquired the amulet "Agol" {Reflect rC- Will+++ Dex+2 SH+5}
  7385 | D:9      | Reached skill level 5 in Translocations
  7435 | D:9      | Noticed Joseph
  7449 | D:9      | Killed Gastronok
  7450 | D:9      | Reached skill level 7 in Invocations
  7453 | D:9      | Killed Joseph
  7828 | D:10     | Entered Level 10 of the Dungeon
  7849 | D:10     | Gained mutation: You have a pair of antennae on your head.
                  | [demonic ancestry]
  7849 | D:10     | Reached XP level 11. HP: 37/72 MP: 20/20
  7869 | D:10     | Found a staircase to the Lair.
  8169 | D:10     | Reached ***** piety under Hepliaklqana
  8338 | D:10     | Found a sacrificial altar of Ru.
  8473 | D:10     | Noticed a tengu warrior
  8473 | D:10     | Noticed LustLizard's ghost (journeyman OpBe)
  8473 | D:10     | Noticed a two-headed ogre
  8477 | D:10     | Noticed a two-headed ogre
  8490 | D:10     | Found a transporter.
  8582 | D:10     | Found a bloodstained altar of Trog.
  8690 | D:10     | Found a transporter.
  8754 | D:10     | Found Ysogg's Weapon Shop.
  8874 | D:10     | Found a stormy altar of Qazlal.
  9102 | D:11     | Noticed Jessica
  9102 | D:11     | Noticed Ijyb
  9148 | D:11     | Killed Ijyb
  9166 | D:11     | Reached skill level 8 in Invocations
  9212 | D:11     | Killed Jessica
  9377 | D:11     | Found a staircase to the Orcish Mines.
  9377 | D:11     | Noticed a five-headed hydra
  9387 | D:11     | Killed a five-headed hydra
  9573 | D:11     | Noticed Urug
  9584 | D:11     | Killed Urug
  9832 | D:11     | Found a shimmering altar of Xom.
  9978 | D:11     | Noticed a boulder beetle
  9994 | D:11     | Killed a boulder beetle
  9995 | D:11     | Gained mutation: You sometimes gain a little power by
                  | taking damage. [demonic ancestry]
  9995 | D:11     | Reached XP level 12. HP: 75/80 MP: 22/22
 10590 | D:12     | Noticed a centaur warrior
 10606 | D:12     | Killed a centaur warrior
 10947 | D:12     | Reached skill level 1 in Maces & Flails
 10957 | D:12     | Noticed Kirke
 10966 | D:12     | Killed Kirke
 11052 | D:12     | Mangled by a large slime creature

Illustrated notes

Levels and vault maps discovered:
D:1:      dpeg_arrival_rooms_a, layout_basic, ebering_ecumenical_altar_rust
D:2:      layout_loops_corners, basic_altar
D:3:      layout_rooms, lemuel_doored_altar, overflow_temple_1_default,
          hex_intersection, minivault_11
D:4:      layout_basic, mainiacjoe_overflow_surrounded_room,
          nicolae_uskayaw_en_pointe, serial_shops, nicolae_shop_peninsula
D:5:      layout_rooms, uniq_sigmund, uniq_pikel
D:6:      layout_loops_corners, lemuel_coloured_pillars_altar, temple_statues,
          serial_shops, shop, ebering_ghost_rock_garden, item_on_display_a
D:7:      layout_basic, minmay_gold_behind_fungi
D:8:      layout_loops_corners, kennysheep_little_box
D:9:      layout_gridville, uniq_gastronok, uniq_joseph
D:10:     layout_irregular_city, elyvilon_altar_4, mainiacjoe_overflow_24_doors,
          mainiacjoe_overflow_big_doors, hellmonk_lair_entry_icy,
          gammafunk_ghost_wrathful_warriors, serial_shops,
          nicolae_shop_tiny_real_fake_doors
D:11:     erik_cavepeople, layout_basic, orc_0_dummy, led_xom_imps, uniq_urug
D:12:     minmay_shrinking_squares, layout_long_grid, uniq_kirke
Temple:   nicolae_temple_ecumenical_triangle

Skill      XL: |  1  2  3  4  5  6  7  8  9 10 11 12 |
---------------+-------------------------------------+-----
Translocations | 1 2 3 4 5 6 |  6.3
Stealth        | 2 3 4 5 6 7 |  7.1
Dodging        | 2 3 4 5 6 |  6.4
Invocations    | 1 2 3 4 5 6 7 8 |  8.9
Fighting       | 1 2 3 4 5 6 |  6.9
Conjurations   | 2 3 4 5 6 7 |  7.0
Summonings     | 2 3 4 5 6 |  6.9
Spellcasting   | 4 5 6 7 |  7.0
Shields        | 1 3 4 |  4.6
Earth Magic    | 2 3 4 |  4.1
Maces & Flails | 1 |  1.2

Action                     |  1- 3 |  4- 6 |  7- 9 | 10-12 || total
---------------------------+-------+-------+-------+-------++-------
  Melee: Dagger            |    74 |    46 |   146 |   130 ||   396
         Punch             |     2 |       |       |       ||     2
         Flail             |       |       |       |   202 ||   202
   Cast: Magic Dart        |    10 |    14 |    79 |    51 ||   154
         Call Imp          |     6 |     6 |    16 |    39 ||    67
         Blink             |       |       |     1 |     1 ||     2
         Stone Arrow       |       |       |       |    20 ||    20
 Invoke: Recall Ancestor   |     2 |       |       |       ||     2
         Ancestor Life: He |     1 |       |       |       ||     1
         Transference      |       |       |       |     1 ||     1
    Use: Scroll            |       |     1 |     9 |    11 ||    21
         Potion            |       |       |       |     1 ||     1
   Stab: Sleeping          |     4 |     2 |       |     1 ||     7
         Distracted        |       |       |     4 |     3 ||     7
         Confused          |       |       |     1 |    10 ||    11
 Armour: Robe              |    25 |    10 |    27 |    81 ||   143
         Acid dragon scale |       |       |    12 |    12 ||    24
  Dodge: Dodged            |    62 |    30 |    70 |   125 ||   287
  Block: Kite shield       |       |       |    20 |   311 ||   331
         Reflection        |       |       |       |     8 ||     8
